 Dungeon Crawl Stone Soup version 0.29-a0-1047-g7c58e119a4 (webtiles) character file.

Game seed: 12701483920091382029

8 drugrobin the Sneak (level 1, 0/18 HPs)
             Began as a Demigod Delver on Aug 16, 2022.
             Slain by a hound (3 damage)
             ... on level 5 of the Dungeon.
             The game lasted 00:02:25 (501 turns).

drugrobin the Sneak (Demigod Delver)                 Turns: 501, Time: 00:02:25

Health: 0/18       AC:  3    Str: 13    XL:     1   Next: 80%
Magic:  3/3        EV: 12    Int: 12    God:
Gold:   1          SH:  0    Dex: 15    Spells: 0/0 levels left

rFire   . . .      SeeInvis .   b - +1 long sword (venom)
rCold   . . .      Faith    .   (no shield)
rNeg    . . .      Spirit   .   i - +0 leather armour
rPois   .          Reflect  .   (no helmet)
rElec   .          Harm     .   (no cloak)
rCorr   .          Rampage  .   (no gloves)
Will    .....                   (no boots)
Stlth   +++.......              (no amulet)
HPRegen 0.06/turn               (no ring)
MPRegen 0.08/turn               (no ring)

@: no status effects
A: high MP 1, forlorn, divine attributes
a: no special abilities


You were on level 5 of the Dungeon.
You visited 1 branch of the dungeon, and saw 1 of its levels.

You collected 1 gold pieces.

Inventory:

Hand Weapons
 a - a +0 hand axe
 b - a +1 long sword of venom (weapon)
Missiles
 k - 5 stones (quivered)
 l - 6 poisoned darts
Armour
 i - a +0 leather armour (worn)
Wands
 g - a wand of digging (3)
Scrolls
 c - a scroll of fog
 d - a scroll of magic mapping
 e - a scroll of fear
 h - a scroll of identify {unknown}
 j - a scroll of teleportation {unknown}
Potions
 f - a potion of haste


   Skills:
 + Level 2.8 Fighting
 + Level 2.0 Axes
 + Level 2.0 Dodging
 + Level 4.6 Stealth


You couldn't memorise any spells.
You didn't know any spells.
Your spell library contained the following spells:

 Spells                   Type           Power      Damage    Failure   Level
 Blink                    Tloc           0%         N/A       54%         2
 Conjure Flame            Conj/Fire      0%         6-21      77%         3
 Ignite Poison            Fire/Tmut/Pois 0%         N/A       77%         3
 Lesser Beckoning         Tloc           0%         N/A       77%         3
 Sticky Flame             Conj/Fire      0%         2d3       99%         4
 Manifold Assault         Tloc           0%         N/A       100%        5


Dungeon Overview and Level Annotations

Branches:
Dungeon (5/15)
 Temple: D:4-7

Annotations:
D:5 exclusions: centaur, howler monkey and scorpion


Innate Abilities, Weirdness & Mutations

You have an increased reservoir of magic. (+10% MP)
You shall have no god before yourself.
Your divine heritage dramatically boosts your attributes as you level up.


Message History

k - 5 stones
Found a stone staircase leading down.
You see here 6 poisoned darts.
l - 6 poisoned darts You see here a +0 quarterstaff.
You open the door.
There is an open door here.
You open the door.
There is an open door here.
Found a stone staircase leading up.
A centaur comes into view.
Unknown command.
Found a stone staircase leading up.
Unknown command.
A hound comes into view.
You barely miss the hound. The hound misses you.
The hound completely misses you.
You closely miss the hound. The hound barely misses you.
The hound closely misses you.
You hit the hound.
The hound is poisoned.
You punch the hound.
The hound is moderately wounded.
The hound closely misses you. x2
The hound attacks as you move away! The hound misses you.
The hound barely misses you. The hound bites you. The hound bites you.
The hound attacks as you move away! The hound bites you.
You completely miss the hound.
The hound is almost dead.
The hound bites you.
* * * LOW HITPOINT WARNING * * *
The hound misses you. x2
Unknown command.
Unknown command.
Unknown command.
Unknown command.
You closely miss the hound.
The hound is almost dead.
The hound barely misses you. The hound bites you.
You die...

############
#.......@..###
#.#######h...#
#.# #..#.# #.#
#..# # #.#
#..# #.# #..#
#.# #..# #.#
#..# #.# #..#


You could see a hound (poisoned).

Vanquished Creatures
  A white imp (D:5)
  A quokka (D:5)
2 creatures vanquished.

Notes
Turn   | Place    | Note
-------+----------+-------------------------------------------
     0 | D:5      | drugrobin the Demigod Delver began the quest for the Orb.
     0 | D:5      | Reached XP level 1. HP: 18/18 MP: 3/3
   339 | D:5      | Noticed a howler monkey
   355 | D:5      | Noticed a scorpion
   445 | D:5      | Noticed a centaur
   488 | D:5      | Noticed a hound
   501 | D:5      | Slain by a hound

Illustrated notes

Levels and vault maps discovered:
D:5:      layout_basic, old_standard_altar, hangedman_abyss_or_decor_passed

Skill      XL: |  1 |
---------------+----+-----
Axes           | 2 |  2.0
Dodging        | 2 |  2.0
Fighting       | |  2.8
Stealth        | |  4.6

Action                   || total
-------------------------++-------
Melee: Hand axe          ||    11
       Long sword        ||     5
       Punch             ||     1
  Use: Potion            ||     1
Dodge: Dodged            ||    21

Table legend: (Time is in decaauts)
 A = Elapsed time spent in this place.
 B = Non-inter-level travel time spent in this place.
 C = Inter-level travel time spent in this place.
 D = Time resting spent in this place.
 E = Time spent auto-exploring this place.
 F = Levels seen in this place.
 G = Mean time per level.
                   A        B        C        D        E       F      G
               +--------+--------+--------+--------+--------+-----+--------+
         Total |    504 |    504 |      0 |    247 |      0 |   1 |  504.0 |
       Dungeon |    504 |    504 |      0 |    247 |      0 |   1 |  504.0 |
               +--------+--------+--------+--------+--------+-----+--------+

Top non-repeatable levels by time:
     D:5: 504 daAuts
